Map: Costas tropicales

Players

MrFercho - Winner!

  • Race: Terran Terran
  • Spawn Location: 5:00

tigro - Winner!

  • Race: Terran Terran
  • Spawn Location: 6:00

IA (Difícil)

  • Race: Terran Terran
  • Spawn Location: 0:00

VOD

Have the link to the VOD?

Description

Time

  • Played on: July 6, 2019, 11:50 p.m.
  • Length: 13:23
Show
View Real Time Build Order
Export as new Build Order

MrFercho Terran - Winner!

Build Orders:  

Get SALT Encoding   

  12  0:03  SCV  
  13  0:18  Supply Depot  
  13  0:21  SCV  
  14  0:33  SCV  
  14  0:34  Refinery  
  15  0:47  Barracks  
  15  0:53  SCV  
  16  1:05  SCV  
  17  1:17  SCV  
  18  1:31  Refinery  
  18  2:03  Reaper  
  19  2:21  Barracks  
  19  2:35  Reaper  
  20  2:43  Supply Depot  
  20  2:51  Orbital Command  
  20  3:06  Supply Depot  
  20  3:09  Engineering Bay  
  20  3:14  Barracks Tech Lab x2  
  20  3:29  Supply Depot  
  20  3:30  SCV  
  21  3:35  Engineering Bay  
  21  3:42  SCV  
  22  3:51  Supply Depot  
  22  3:54  SCV  
  22  4:06  SCV  
  22  4:14  Supply Depot  
  24  4:17  Marauder x2  
  26  4:29  Factory  
  26  4:38  Marine x2  
  27  4:40  Terran Infantry Weapons Level 1  
  27  4:43  Factory  
  28  4:51  SCV  
  29  5:03  SCV  
  30  5:10  Reaper x2  
  30  5:14  Factory  
  32  5:15  SCV  
  33  5:27  SCV  
  34  5:39  SCV  
  34  5:42  Combat Shield, Reaper x2  
  37  5:44  Concussive Shells  
  37  5:49  Terran Infantry Armor Level 1  
  37  5:51  SCV  
  37  5:54  Factory Tech Lab x2  
  38  6:03  SCV  
  39  6:14  Command Center, Reaper x2  
  39  6:16  Factory Tech Lab  
  41  6:27  Armory  
  41  6:33  Starport  
  41  6:46  Marine x2  
  43  7:10  Starport Tech Lab  
  43  7:27  Refinery  
  43  7:32  Armory  
  43  7:34  Armory  
  43  7:37  SCV  
  40  7:49  SCV  
  41  7:53  Refinery  
  41  8:01  SCV  
  42  8:13  SCV  
  42  8:25  SCV  
  42  8:32  Banshee  
  45  8:39  Thor  
  51  8:45  Orbital Command  
  51  9:15  Banshee  
  54  9:28  Terran Ship Weapons Level 1, Terran Vehicle Weapons Level 1  
  54  9:29  Terran Vehicle And Ship Armor Level 1  
  54  9:31  Terran Infantry Weapons Level 2  
  54  9:38  Terran Infantry Armor Level 2  
  54  9:42  SCV  
  55  9:54  SCV  
  55  9:55  Siege Tank  
  59  10:06  SCV  
  60  10:18  SCV  
  61  10:30  SCV  
Show
View Real Time Build Order
Export as new Build Order

tigro Terran - Winner!

Build Orders:  

Get SALT Encoding   

  12  0:04  SCV  
  13  0:18  Supply Depot  
  13  0:20  SCV  
  14  0:29  Refinery  
  14  0:38  SCV, Refinery  
  15  1:07  SCV  
  15  1:09  Barracks  
  16  1:19  SCV  
  17  1:31  SCV  
  18  1:43  SCV  
  19  1:55  SCV  
  19  2:00  Engineering Bay  
  20  2:01  Barracks Tech Lab  
  20  2:23  Combat Shield  
  20  2:31  Supply Depot, Marine  
  21  2:44  Orbital Command  
  21  2:49  Marine  
  22  3:06  Marine  
  23  3:22  Command Center  
  23  3:24  Marine  
  24  3:42  Marine  
  25  4:00  Marine  
  26  4:03  Stimpack  
  23  4:34  Marauder  
  25  4:47  Refinery  
  25  4:56  Marauder  
  25  4:59  Planetary Fortress  
  27  5:17  Marauder  
  29  5:27  Factory  
  29  5:30  Terran Infantry Weapons Level 1  
  29  5:37  SCV  
  29  5:38  Marauder  
  32  5:43  Concussive Shells  
  32  5:49  SCV  
  33  6:00  Marauder  
  33  6:02  SCV  
  36  6:14  SCV  
  37  6:19  Supply Depot  
  37  6:20  Marine  
  38  6:26  SCV  
  39  6:38  Marine  
  40  6:56  Marine, Factory Tech Lab  
  41  7:05  Refinery  
  41  7:14  Armory, Marine  
  42  7:21  SCV  
  43  7:25  Terran Infantry Armor Level 1  
  43  7:30  Siege Tank  
  43  7:34  Infernal Pre-Igniter  
  46  8:02  Siege Tank  
  49  8:08  Terran Ship Weapons Level 1  
  49  8:34  Siege Tank  
  52  8:53  Mag-Field Accelerator  
  52  9:19  Supply Depot, Neosteel Armor  
  52  9:29  SCV  
  53  9:41  SCV, Siege Tank  
  57  9:55  Starport  
  57  9:57  Marine  
  58  10:02  Terran Vehicle Weapons Level 1  
  58  10:13  Siege Tank  
  61  10:15  Marine  
  62  10:33  Drilling Claws  
  62  10:59  Hi-Sec Auto Tracking  
  62  11:51  Smart Servos  
Show
View Real Time Build Order
Export as new Build Order

IA (Difícil) Terran 

Build Orders:  

Get SALT Encoding   

  12  0:01  SCV  
  13  0:13  SCV  
  14  0:19  Supply Depot  
  14  0:25  SCV  
  15  0:41  SCV  
  16  0:45  Barracks  
  16  0:51  Refinery  
  16  0:53  SCV  
  17  1:05  SCV  
  18  1:17  SCV  
  19  1:21  Supply Depot  
  19  1:30  SCV  
  20  1:33  Marine  
  21  1:42  Barracks, Orbital Command  
  21  1:52  Barracks Tech Lab, Refinery  
  21  2:05  Factory  
  21  2:11  Marine  
  22  2:24  Supply Depot  
  22  2:29  Marine  
  23  2:47  Marauder  
  25  2:52  Hellion  
  27  3:00  Supply Depot  
  27  3:02  Marine  
  28  3:13  Marine  
  29  3:24  Marine  
  30  3:35  Marauder, Supply Depot  
  32  3:43  SCV  
  32  3:46  Hellion  
  35  3:55  SCV  
  32  4:07  Hellion, SCV  
  35  4:14  Engineering Bay  
  35  4:17  Marine  
  35  4:19  SCV  
  36  4:29  Hellion  
  38  4:31  SCV  
  39  4:43  SCV  
  40  4:50  Hellion  
  42  4:55  SCV  
  43  5:07  SCV  
  43  5:11  Hellion  
  43  5:13  Supply Depot  
  46  5:19  SCV  
  47  5:32  SCV  
  47  5:33  Hellion  
  50  6:30  Barracks Tech Lab  
  50  6:31  Terran Infantry Weapons Level 1, Widow Mine  
  52  6:33  Factory  
  52  6:37  Command Center, Starport  
  52  6:38  Marine  
  53  6:42  Starport  
  53  6:44  Supply Depot  
  52  6:48  Combat Shield, Marine  
  52  6:52  Stimpack  
  52  6:53  Factory Tech Lab  
  53  6:57  Marauder  
  55  7:06  Marine  
  56  7:12  Widow Mine  
  58  7:15  Supply Depot, Starport Tech Lab  
  58  7:18  Factory Tech Lab, Starport Tech Lab  
  58  7:28  Missile Turret  
  58  7:33  Siege Tank  
  58  7:34  Missile Turret  
  58  7:35  Raven  
  58  7:36  Siege Tank  
  66  7:39  Raven  
  62  7:50  SCV  
  63  7:51  SCV  
  63  7:55  Refinery  
  64  8:02  SCV  
  64  8:04  Bunker  
  64  8:05  SCV  
  66  8:07  Concussive Shells  
  66  8:14  SCV  
  66  8:17  SCV  
  65  8:26  Terran Infantry Armor Level 1, SCV, Missile Turret  
  66  8:29  SCV  
  67  8:38  SCV  
  68  8:41  SCV  
  69  8:49  Missile Turret  
  69  8:50  SCV  
  69  8:53  SCV  
  71  9:01  Sensor Tower  
  71  9:02  SCV  
  72  9:05  SCV  
  73  9:13  Bunker  
  73  9:14  SCV  
  74  9:17  SCV  
  75  9:26  SCV  
  75  9:27  Armory  
  75  9:29  SCV  
  77  9:38  SCV  
  77  9:41  Barracks  
  77  9:42  SCV  
  79  9:51  SCV  
  80  10:20  Refinery  
  80  10:27  Barracks Reactor  
  80  10:33  Medivac, Reaper  
  80  10:34  Medivac  
  85  10:36  Supply Depot, Marine  
  85  10:42  Command Center  
  86  10:54  Marine  
  85  11:02  Ghost Academy  
  85  11:03  Marine  
  85  11:04  Medivac  
  90  11:05  Marine  
  90  11:06  Marine  
  90  11:07  Supply Depot  
  90  11:09  SCV  
  91  11:12  Marine  
  91  11:13  SCV  
  92  11:21  Reaper  
  92  11:23  Marine  
  74  11:25  Ghost Academy  
  74  11:26  Command Center  
  60  11:35  Marine  
  60  11:39  Barracks Tech Lab  
  20  11:54  SCV  
  20  11:57  SCV  
  16  12:03  Starport  
  8  12:30  Barracks  
  7  12:40  SCV  
  7  12:42  Engineering Bay  
Tags
 
Add a new tag
Caveats
  • Supply blocks, unpowered buildings, or Contaminate may cause inaccurate times.
  • Supply counts are checked every 10 seconds.